[Event "Titled Tuesday Blitz August 17 2021"]
[White "Volkov, Maksim"]
[Black "Leitao, Rafael"]
[WhiteFideId "54123070"]
[BlackFideId "2101246"]
[WhiteElo "2113"]
[BlackElo "2609"]
[Result "1-0"]
[Round "05"]
[TimeControl "180+1"]
[Date "2021.08.17"]
[WhiteClock "0:00:08"]
[BlackClock "0:00:11"]

1. d4 Nf6 2. c4 e6 3. g3 d5 4. Nf3 Bb4+ 5. Bd2 Be7 6. Bg2 O-O 7. O-O c6 8. Bf4 Nbd7 9. Qc2 b6 10. Nbd2 Bb7 11. e4 dxc4 12. Qxc4 c5 13. Rfe1 Rc8 14. Qa4 cxd4 15. Qxa7 Nc5 16. Nc4 Bxe4 17. Nxb6 Rc6 18. Nc4 Nd5 19. Nxd4 Ra6 20. Qxa6 Nxa6 21. Bxe4 Nxf4 22. Nc6 Nh3+ 23. Kg2 Qc7 24. Kxh3 Nc5 25. Bf3 Nd3 26. Re2 Bf6 27. Rd1 Nc5 28. Kg2 h6 29. b3 g5 30. h3 Kg7 31. Rc2 Rc8 32. Ne3 Qb6 33. b4 Na4 34. Rd3 Nb2 35. Rb3 h5 36. b5 Na4 37. Rb4 Qc7 38. Rxa4 g4 39. hxg4 h4 40. gxh4 Bxh4 41. Rac4 Rh8 42. Nd4 Qe5 43. Rc5 Qf6 44. Ne2 Bxf2 45. Kxf2 Rh2+ 46. Ng2 Qh4+ 47. Ng3 Qh6 48. Rh5 Rxh5 49. Nxh5+ Kf8 50. Ngf4 Qg5 51. Rc8+ Ke7 52. Rc7+ Kd6 53. Rb7 Qc5+ 54. Kg3 Qg1+ 55. Ng2 Qc5 56. b6 Qe5+ 57. Nhf4 Qc5 58. Rb8 e5 59. Nd3 Qc3 60. Nf2 Ke7 61. Ne4 Qb3 62. axb3 1-0


[Site "https://www.chess.com"]

[Event "Titled Tuesday Blitz August 17 2021"]
[White "Wagh Suyog"]
[Black "Martins, Vinicius Tine"]
[WhiteFideId "25071688"]
[BlackFideId "2112884"]
[WhiteElo "2219"]
[BlackElo "2373"]
[Result "1-0"]
[Round "05"]
[TimeControl "180+1"]
[Date "2021.08.17"]
[WhiteClock "0:02:03"]
[BlackClock "0:00:05"]

1. e4 c5 2. Nc3 Nc6 3. f4 g6 4. Nf3 Bg7 5. g3 e6 6. Bg2 Nge7 7. O-O d5 8. d3 Rb8 9. Re1 O-O 10. e5 b5 11. Ne2 b4 12. g4 a5 13. Be3 d4 14. Bf2 Nd5 15. Qd2 Bb7 16. Bh4 f6 17. exf6 Bxf6 18. Bf2 Qd6 19. Ng5 Bxg5 20. fxg5 Rxf2 21. Kxf2 Qxh2 22. Ng1 Rf8+ 23. Nf3 Qh4+ 24. Kg1 Qxg4 25. Nh2 Qg3 26. Nf1 Qg4 27. Qe2 Qxe2 28. Rxe2 Nf4 29. Rf2 Nxg2 30. Rxf8+ Kxf8 31. Kxg2 Ne5+ 32. Kg3 Nf3 33. Kg4 Kg7 34. a3 h5+ 35. gxh6+ Kxh6 36. axb4 axb4 37. Ra7 Bd5 38. Ra5 c4 39. Rxd5 exd5 40. Kxf3 b3 41. cxb3 c3 42. bxc3 dxc3 43. Ne3 d4 44. Nc2 Kg7 45. Nxd4 Kf6 46. Nc2 Ke5 47. d4+ Kd5 48. Kf4 g5+ 49. Kxg5 Ke4 50. d5 Kxd5 51. Kf4 1-0


[Site "https://www.chess.com"]

[Event "Titled Tuesday Blitz August 17 2021"]
[White "Wagner, Dennis"]
[Black "Barp, Alberto"]
[WhiteFideId "24650684"]
[BlackFideId "872555"]
[WhiteElo "2355"]
[BlackElo "2229"]
[Result "1-0"]
[Round "05"]
[TimeControl "180+1"]
[Date "2021.08.17"]
[WhiteClock "0:00:21"]
[BlackClock "0:00:13"]

1. e4 c5 2. Nf3 a6 3. c3 e6 4. d4 d5 5. exd5 Qxd5 6. Be3 Nf6 7. Be2 cxd4 8. cxd4 Be7 9. Nc3 Qd8 10. O-O Nc6 11. Ne5 Nb4 12. Rc1 O-O 13. Bf3 Nbd5 14. Qb3 Qa5 15. Nxd5 Nxd5 16. Bxd5 Qxd5 17. Qxd5 exd5 18. Rfe1 Bd6 19. f3 Be6 20. Bf4 Rac8 21. Nd3 Be7 22. Nc5 Bxc5 23. dxc5 Rfe8 24. Kf2 f6 25. Bd6 Bd7 26. Rcd1 Kf7 27. Rxd5 Rxe1 28. Kxe1 Be6 29. Rh5 Kg6 30. Rh4 Bxa2 31. Re4 Bf7 32. Rg4+ Kh6 33. h4 g6 34. Kd2 Re8 35. Rd4 Rc8 36. Be7 Kg7 37. Rd6 f5 38. Rd7 Rc6 39. Rxb7 h6 40. Bd6 Kf6 41. Kc3 g5 42. hxg5+ hxg5 43. Kd4 g4 44. f4 Rc8 45. Be5+ Kg6 46. Rb6+ Kh7 47. Rxa6 Rd8+ 48. Bd6 Re8 49. Ra7 Re4+ 50. Kd3 Kg6 51. Be5 g3 52. Ra6+ Kh7 53. Rf6 Bc4+ 54. Kc3 Bf1 55. Rxf5 Bxg2 56. Rh5+ Kg6 57. Rg5+ Kh6 58. Rxg3 Bf1 59. b4 Rc4+ 60. Kb3 1-0


[Site "https://www.chess.com"]

[Event "Titled Tuesday Blitz August 17 2021"]
[White "Woodward, Andy"]
[Black "Sokolovsky, Yahli"]
[WhiteFideId "30953499"]
[BlackFideId "2820242"]
[WhiteElo "2137"]
[BlackElo "1770"]
[Result "0-1"]
[Round "05"]
[TimeControl "180+1"]
[Date "2021.08.18"]
[WhiteClock "0:00:10"]
[BlackClock "0:00:13"]

1. d4 d6 2. Nf3 g6 3. g3 Bg7 4. Bg2 Nf6 5. O-O O-O 6. c4 c5 7. Nc3 Nc6 8. d5 Nb8 9. e4 e5 10. dxe6 Bxe6 11. e5 dxe5 12. Nxe5 Nc6 13. Nxc6 bxc6 14. Bxc6 Rc8 15. Bb5 Qb6 16. Be3 a6 17. Na4 Qa5 18. Bd2 Qc7 19. Bxa6 Rcd8 20. Qe2 Bh3 21. Bb5 Bxf1 22. Rxf1 Nd7 23. Bf4 Be5 24. Bxe5 Qxe5 25. Qf3 Nf6 26. Nc3 Rd2 27. Na4 Rfd8 28. h4 Qd4 29. Re1 Ng4 30. Re2 Rxe2 31. Qxe2 Qd1+ 32. Qxd1 Rxd1+ 33. Kg2 Rd2 34. Kf3 f5 35. Kf4 h6 36. Bc6 Rxf2+ 37. Bf3 Nh2 38. Nxc5 Rxf3+ 39. Ke5 Rf2 40. b4 Rxa2 41. b5 Rb2 42. Kd5 Nf3 43. Nd7 Kf7 44. b6 Ke7 45. Kc6 Nd4+ 46. Kc7 Ne6+ 47. Kc8 Rc2 48. Ne5 Kd6 49. b7 Rb2 50. Nd3 Rxb7 51. Kxb7 Nc5+ 52. Nxc5 Kxc5 53. Kc7 g5 54. h5 f4 55. gxf4 gxf4 56. Kd7 f3 57. Ke6 f2 58. Kf6 f1=Q+ 59. Kg6 Qf4 60. Kh7 Qg5 61. Kh8 Kxc4 62. Kh7 Kd5 63. Kh8 Ke6 64. Kh7 Kf7 65. Kh8 Qg7# 0-1


[Site "https://www.chess.com"]

[Event "Titled Tuesday Blitz August 17 2021"]
[White "Yaran, Siar"]
[Black "Le, Tuan Minh"]
[WhiteFideId "6323006"]
[BlackFideId "12401153"]
[WhiteElo "1977"]
[BlackElo "2450"]
[Result "0-1"]
[Round "05"]
[TimeControl "180+1"]
[Date "2021.08.17"]
[WhiteClock "0:00:16"]
[BlackClock "0:00:47"]

1. e4 c5 2. Nf3 Nf6 3. e5 Nd5 4. Nc3 e6 5. Nxd5 exd5 6. d4 Nc6 7. dxc5 Bxc5 8. Qxd5 d6 9. exd6 Qb6 10. Bc4 Bxf2+ 11. Ke2 O-O 12. Rf1 Be6 13. Qb5 Bxc4+ 14. Qxc4 Rfe8+ 15. Kd1 Rad8 16. Bf4 Qxb2 17. Kd2 Bb6 18. Qb3 Ba5+ 19. Kd3 Nb4+ 20. Kc4 Qf6 21. Kb5 Qxf4 22. Kxa5 Nc6+ 23. Kb5 Re5+ 24. Nxe5 Qxe5+ 25. Kc4 Qd4+ 26. Kb5 a6# 0-1


[Site "https://www.chess.com"]

[Event "Titled Tuesday Blitz August 17 2021"]
[White "Yilmaz, Mustafa"]
[Black "Agibileg, Uurtsaikh"]
[WhiteFideId "6302718"]
[BlackFideId "4901606"]
[WhiteElo "2518"]
[BlackElo "2150"]
[Result "1-0"]
[Round "05"]
[TimeControl "180+1"]
[Date "2021.08.17"]
[WhiteClock "0:00:13"]
[BlackClock "0:00:04"]

1. e4 c5 2. Nf3 e6 3. d4 cxd4 4. Nxd4 Nc6 5. Nc3 Qc7 6. Be2 a6 7. Nxc6 bxc6 8. Qd3 Bd6 9. Bd2 Nf6 10. O-O-O Bf4 11. g3 Bxd2+ 12. Qxd2 d5 13. Qg5 O-O 14. e5 Nd7 15. f4 Rb8 16. Bd3 Qb6 17. b3 Qa5 18. Kb2 c5 19. f5 Nxe5 20. f6 Ng6 21. fxg7 Re8 22. h4 Qd8 23. Qh6 f5 24. g4 Qf6 25. h5 Qxg7 26. Qxg7+ Kxg7 27. hxg6 hxg6 28. gxf5 gxf5 29. Rdg1+ Kf6 30. Rh6+ Ke5 31. Re1+ Kd6 32. Bxf5 Bd7 33. Bg6 Rh8 34. Rxh8 Rxh8 35. Bd3 e5 36. Bxa6 Bc6 37. Rd1 Ke6 38. Bb5 Bb7 39. a4 e4 40. a5 d4 41. Na4 Kd6 42. a6 Ba8 43. Rg1 Rh2 44. Rg8 d3 45. Rxa8 Rxc2+ 46. Kb1 Kc7 47. Re8 Rh2 48. a7 d2 49. Nc3 Kb6 50. a8=Q d1=Q+ 51. Nxd1 Kxb5 52. Qa4+ Kb6 53. Re6+ Kc7 54. Qc6+ Kd8 55. Re8# 1-0


[Site "https://www.chess.com"]

[Event "Titled Tuesday Blitz August 17 2021"]
[White "Yonal, Timur"]
[Black "Sliwicki, Damian"]
[WhiteFideId "44115725"]
[BlackFideId "1127128"]
[WhiteElo "1829"]
[BlackElo "2142"]
[Result "1-0"]
[Round "05"]
[TimeControl "180+1"]
[Date "2021.08.18"]
[WhiteClock "0:00:13"]
[BlackClock "0:00:09"]

1. e4 Nf6 2. e5 Nd5 3. d4 d6 4. c4 Nb6 5. exd6 exd6 6. Nc3 Be7 7. Nf3 O-O 8. Be2 Re8 9. O-O Bf6 10. Be3 Bg4 11. Rc1 Nc6 12. b3 g6 13. h3 Bxf3 14. Bxf3 Bg7 15. Qd2 Qd7 16. d5 Ne5 17. Be2 f5 18. f4 Nf7 19. Bd4 Qe7 20. Bxg7 Kxg7 21. Rfe1 Qe3+ 22. Qxe3 Rxe3 23. Bf1 Rae8 24. Kf2 Rxe1 25. Rxe1 Rxe1 26. Kxe1 Nd7 27. Nb5 c6 28. dxc6 bxc6 29. Nxa7 Nd8 30. b4 Kf6 31. b5 c5 32. a4 d5 33. cxd5 Nb6 34. a5 Nxd5 35. b6 Ke7 36. b7 Nxb7 37. a6 Na5 38. Nc8+ Kd8 39. a7 Nc7 40. Nb6 c4 41. a8=Q+ Nxa8 42. Nxa8 c3 43. Nb6 Nb3 44. Kd1 Kc7 45. Nd5+ Kd6 46. Nxc3 Kc5 47. Kc2 Na5 48. Kd3 Nc6 49. g3 Nb4+ 50. Kd2 Kd4 51. Nb5+ Kc5 52. Nc7 Nc6 53. Ne6+ Kd5 54. Bg2+ Kxe6 55. Bxc6 Kf6 56. Bg2 g5 57. Kd3 gxf4 58. gxf4 Ke6 59. Kd4 Kd6 60. Bf3 h6 61. h4 Ke6 62. Kc5 Kf6 63. Kd6 Kg6 64. Ke6 h5 65. Ke5 Kh6 66. Kxf5 Kg7 67. Kg5 Kh8 68. f5 Kg8 69. Kf6 Kh8 70. Ke7 Kg8 71. f6 Kh8 72. f7 Kg7 73. f8=Q+ Kg6 74. Be4# 1-0


[Site "https://www.chess.com"]

[Event "Titled Tuesday Blitz August 17 2021"]
[White "Zakaryan_David"]
[Black "gurelediz"]
[WhiteElo "2527"]
[BlackElo "2706"]
[Result "1-0"]
[Round "05"]
[TimeControl "180+1"]
[Date "2021.08.17"]
[WhiteClock "0:01:30"]
[BlackClock "0:00:04"]

1. e4 c5 2. Nf3 Nc6 3. Bb5 Nd4 4. Nxd4 cxd4 5. O-O a6 6. Bc4 e6 7. d3 Qc7 8. c3 Bc5 9. b4 Ba7 10. Qg4 Kf8 11. Bb2 d5 12. Bb3 Nf6 13. Qh4 dxe4 14. dxe4 e5 15. cxd4 Bxd4 16. Bxd4 exd4 17. Nd2 Qe7 18. Rfe1 Be6 19. e5 Ng4 20. Qg3 Nh6 21. Qf4 Rd8 22. Ne4 Bxb3 23. axb3 Rd5 24. Nf6 Rd8 25. Rad1 d3 26. Nh5 Rd5 27. e6 g6 28. Qxh6+ Ke8 29. exf7+ Kd7 30. Rxe7+ Kxe7 31. Qg7 Rf8 32. Re1+ Kd7 33. Nf6+ Kc6 34. Nxd5 d2 35. Rd1 Rxf7 36. Qxf7 1-0


[Site "https://www.chess.com"]

[Event "Titled Tuesday Blitz August 17 2021"]
[White "Zhigalko, Sergei"]
[Black "Gerzhoy, Leonid"]
[WhiteFideId "13502956"]
[BlackFideId "2806126"]
[WhiteElo "2662"]
[BlackElo "2549"]
[Result "1-0"]
[Round "05"]
[TimeControl "180+1"]
[Date "2021.08.17"]
[WhiteClock "0:00:04"]
[BlackClock "0:00:07"]

1. e4 d6 2. d4 Nf6 3. Nc3 e5 4. Nf3 Nc6 5. Bb5 Bd7 6. Bxc6 Bxc6 7. O-O exd4 8. Nxd4 Be7 9. Nf5 O-O 10. Qf3 Nd7 11. Qg3 Bf6 12. Bh6 g6 13. Bxf8 Qxf8 14. Ne3 Bxc3 15. bxc3 Bxe4 16. Qf4 Bc6 17. Ng4 f5 18. Ne3 Re8 19. Qd4 a6 20. Nd5 Re4 21. Qd2 Ne5 22. f3 Nc4 23. Qd3 Ne5 24. Qd2 Nc4 25. Qf2 Re5 26. Nf4 g5 27. Nd3 Re3 28. f4 g4 29. Rae1 Qe7 30. Rxe3 Qxe3 31. Re1 Qxf2+ 32. Kxf2 Be4 33. g3 c5 34. Ke2 b6 35. Rc1 d5 36. Ne5 Nxe5 37. fxe5 Kf7 38. Ke3 Ke6 39. Kf4 h6 40. a4 b5 41. axb5 axb5 42. Rb1 b4 43. cxb4 c4 44. b5 Bxc2 45. Ra1 d4 46. b6 Be4 47. Ra4 c3 48. Rxd4 c2 49. Rc4 Kd5 50. Rxc2 Bxc2 51. b7 Be4 52. b8=Q Ke6 53. Qd6+ 1-0


[Site "https://www.chess.com"]

[Event "Titled Tuesday Blitz August 17 2021"]
[White "ARTHURMOTIVATOR"]
[Black "Tikhonov, Viacheslav"]
[BlackFideId "44196407"]
[WhiteElo "2350"]
[BlackElo "1773"]
[Result "0-1"]
[Round "06"]
[TimeControl "180+1"]
[Date "2021.08.18"]
[WhiteClock "0:00:05"]
[BlackClock "0:00:16"]

1. e4 c6 2. d4 d5 3. Nc3 dxe4 4. Nxe4 Nf6 5. Nxf6+ exf6 6. c3 Bf5 7. Ne2 Bd6 8. Ng3 Bg6 9. Bc4 O-O 10. O-O Nd7 11. f4 Nb6 12. Bb3 f5 13. c4 c5 14. d5 Re8 15. Qd3 Qf6 16. Bc2 Qd4+ 17. Qxd4 cxd4 18. b3 Bc5 19. Bd3 Nc8 20. Bd2 a5 21. a3 Bf8 22. b4 Nd6 23. c5 Ne4 24. Bxe4 fxe4 25. f5 e3 26. fxg6 hxg6 27. Bxe3 Rxe3 28. d6 Rb3 29. Rab1 Rxa3 30. b5 Rc3 31. Ne4 Rc4 32. c6 bxc6 33. bxc6 Rxc6 34. Rb7 f5 35. Ng5 Rxd6 36. g4 Rd5 37. gxf5 Rxf5 38. Ne6 Rxf1+ 39. Kxf1 a4 40. Ke2 a3 41. Rb1 a2 42. Ra1 Bb4 43. Kd3 Bc3 0-1


[Site "https://www.chess.com"]

[Event "Titled Tuesday Blitz August 17 2021"]
[White "Abdurakhmonov, Mukhammadali"]
[Black "Yilmaz, Mustafa"]
[WhiteFideId "14207346"]
[BlackFideId "6302718"]
[WhiteElo "2266"]
[BlackElo "2518"]
[Result "1/2-1/2"]
[Round "06"]
[TimeControl "180+1"]
[Date "2021.08.17"]
[WhiteClock "0:00:09"]
[BlackClock "0:00:08"]

1. e4 e5 2. Nf3 Nc6 3. Bc4 Nf6 4. d3 h6 5. c3 d6 6. O-O g5 7. Be3 Bg7 8. Nbd2 O-O 9. b4 d5 10. exd5 Nxd5 11. Qb3 Nf4 12. Bxf4 exf4 13. d4 g4 14. Ne1 Qh4 15. g3 Qg5 16. Ne4 Qg6 17. Bd3 Bf5 18. Qb1 Ne7 19. Ng2 f3 20. Nf4 Qc6 21. b5 Qb6 22. Re1 Rfe8 23. Nc5 Bxd3 24. Qxd3 Rad8 25. Qc4 c6 26. a4 cxb5 27. axb5 Nf5 28. Nd5 Qd6 29. Rxe8+ Rxe8 30. Nxb7 Qe6 31. Nc5 Qe2 32. Qxe2 fxe2 33. Re1 Bxd4 34. cxd4 Nxd4 35. Nf6+ Kf8 36. Nxe8 Nf3+ 37. Kh1 Nxe1 38. Nd6 Nf3 39. Nd3 e1=Q+ 40. Nxe1 Nxe1 41. Nc8 Nd3 42. Kg1 Nb2 43. Nxa7 Ke7 44. b6 Kd6 45. Nc8+ Kc6 46. Ne7+ Kxb6 47. Nf5 h5 48. Ng7 Nc4 49. Nxh5 Ne5 50. Kf1 Kc5 51. Ke2 Kd4 52. Nf6 Kc5 53. Ke3 Kd6 54. Kf4 Nd3+ 55. Ke3 Ne5 56. Kf4 Nd3+ 57. Kf5 Nxf2 58. Nxg4 Nh3 59. Nf6 Ke7 60. Nd5+ Kf8 61. Nf4 Nf2 62. h4 Kg7 63. h5 Nh3 64. g4 Nf2 65. g5 Nd1 66. h6+ Kg8 67. Kf6 Ne3 68. Nd5 Nxd5+ 69. Kf5 Ne7+ 70. Kf6 Nd5+ 71. Ke5 Ne3 72. Kf6 Ng4+ 73. Kf5 Nf2 74. Kf6 Ne4+ 75. Kf5 Nd6+ 76. Kf6 Ne8+ 77. Ke7 Nc7 78. h7+ Kg7 79. h8=Q+ Kxh8 80. Kxf7 Ne6 81. Kxe6 Kg7 82. Kf5 Kf7 83. g6+ Kg7 84. Kg5 Kg8 85. Kh6 Kh8 86. g7+ Kg8 87. Kg6 1/2-1/2


[Site "https://www.chess.com"]

[Event "Titled Tuesday Blitz August 17 2021"]
[White "Aldokhin, Ivan"]
[Black "Krasilnikov, Evgeni"]
[WhiteFideId "24115720"]
[BlackFideId "4139739"]
[WhiteElo "2306"]
[BlackElo "2295"]
[Result "1-0"]
[Round "06"]
[TimeControl "180+1"]
[Date "2021.08.18"]
[WhiteClock "0:00:05"]
[BlackClock "0:00:01"]

1. e4 c6 2. Nc3 d5 3. d4 dxe4 4. Nxe4 Nf6 5. Nxf6+ exf6 6. c3 Bd6 7. Bd3 O-O 8. Ne2 Re8 9. O-O h5 10. Nf4 Qc7 11. g3 g6 12. Nxh5 gxh5 13. Qxh5 Be6 14. Re1 Kf8 15. c4 Nd7 16. c5 Nxc5 17. dxc5 Be5 18. f4 Bd4+ 19. Be3 Bxb2 20. f5 Bxa1 21. Bh6+ Ke7 22. fxe6 Be5 23. Qxf7+ Kd8 24. Bg6 Rh8 25. Rd1+ Kc8 26. e7 b5 27. e8=Q+ Rxe8 28. Qxe8+ Kb7 29. Qf7 Qxf7 30. Bxf7 b4 31. Bc4 Kc7 32. Bf4 Bxf4 33. gxf4 Re8 34. f5 Re5 35. Be6 Rxc5 36. h4 Rc3 37. Kg2 Rc2+ 38. Kg3 Kb6 39. h5 Rc3+ 40. Kg4 Rc2 41. Rh1 Rg2+ 42. Kf3 Rg7 43. h6 Rh7 44. Bg8 Rh8 45. h7 c5 46. Ke4 Kb5 47. Kd5 c4 48. Rb1 b3 49. axb3 c3 50. Rc1 Kb4 51. Kd4 a5 52. Rxc3 a4 53. bxa4 Kxa4 54. Rc6 Kb4 55. Rb6+ Ka5 56. Kc5 Ka4 57. Rb7 1-0


[Site "https://www.chess.com"]

[Event "Titled Tuesday Blitz August 17 2021"]
[White "Atabayev, Maksat"]
[Black "Bychkov, Vladimir"]
[WhiteFideId "14001101"]
[BlackFideId "24151513"]
[WhiteElo "2457"]
[BlackElo "2308"]
[Result "1-0"]
[Round "06"]
[TimeControl "180+1"]
[Date "2021.08.17"]
[WhiteClock "0:00:52"]
[BlackClock "0:00:37"]

1. e4 c6 2. d4 d5 3. Nc3 dxe4 4. Nxe4 Nf6 5. Nxf6+ exf6 6. c3 Bd6 7. Bd3 Na6 8. Ne2 Nc7 9. O-O h5 10. Bf4 a5 11. Re1 Kf8 12. Qd2 h4 13. h3 g5 14. Bxd6+ Qxd6 15. c4 Kg7 16. Rac1 Bd7 17. d5 c5 18. Nc3 Ne8 19. Ne4 Qc7 20. Nxg5 fxg5 21. Qxg5+ Kf8 22. Qe7+ Kg8 23. Re5 Ng7 24. Rg5 Qd8 25. Qe3 Qf6 26. Re1 Rh6 27. b3 Kh8 28. Re5 Rg8 29. Re7 Bf5 30. Rxf7 Qg6 31. Bxf5 Nxf5 32. Qe5+ Rg7 33. Rf8+ Kh7 34. Qxf5 Qxf5 35. Rxf5 Rhg6 36. Rh5+ Kg8 37. Re8+ Kf7 38. Rhh8 Rxg2+ 39. Kf1 Rh2 40. Rb8 Rgg2 41. Rxb7+ Kf6 42. Rf8+ Ke5 43. Re7+ Kd4 44. d6 Rg6 45. d7 1-0


[Site "https://www.chess.com"]

[Event "Titled Tuesday Blitz August 17 2021"]
[White "Atabayev, Saparmyrat"]
[Black "Makhnev, Denis"]
[WhiteFideId "14000571"]
[BlackFideId "13707647"]
[WhiteElo "2483"]
[BlackElo "2537"]
[Result "0-1"]
[Round "06"]
[TimeControl "180+1"]
[Date "2021.08.17"]
[WhiteClock "0:00:05"]
[BlackClock "0:00:55"]

1. e4 c6 2. d4 d5 3. Nc3 dxe4 4. Nxe4 Nf6 5. Nxf6+ exf6 6. Nf3 Bd6 7. Bd3 O-O 8. O-O Bg4 9. h3 Bh5 10. Be4 Nd7 11. Qd3 Bg6 12. Bxg6 hxg6 13. Re1 Qc7 14. c4 c5 15. d5 Rfe8 16. Bd2 a6 17. a4 Ne5 18. Qb3 Re7 19. Re2 Rae8 20. Rae1 Qd7 21. Nxe5 fxe5 22. Qc2 f5 23. Bg5 Rf7 24. f3 Bc7 25. b3 Qd6 26. Bf4 Rfe7 27. Bg3 Qf6 28. Bf2 b6 29. a5 e4 30. fxe4 Qe5 31. Kf1 Qh2 32. Bg1 Qh1 33. exf5 Bh2 34. Kf2 Rxe2+ 35. Rxe2 Qxg1+ 36. Kf3 0-1


[Site "https://www.chess.com"]

[Event "Titled Tuesday Blitz August 17 2021"]
[White "Awatramani, Janak"]
[Black "Khanin, Semen"]
[WhiteFideId "2608359"]
[BlackFideId "4111990"]
[WhiteElo "2918"]
[BlackElo "2521"]
[Result "1-0"]
[Round "06"]
[TimeControl "180+1"]
[Date "2021.08.17"]
[WhiteClock "0:00:12"]
[BlackClock "0:00:06"]

1. b3 b6 2. Bb2 Bb7 3. Nf3 Nf6 4. e3 g6 5. d4 Bg7 6. Nbd2 e6 7. c4 O-O 8. Be2 c5 9. O-O cxd4 10. exd4 d5 11. Rc1 dxc4 12. bxc4 Nc6 13. Qc2 Rc8 14. Rfd1 b5 15. Nb3 bxc4 16. Nc5 Ba8 17. Bxc4 Nb4 18. Qe2 Bd5 19. Ba3 Qa5 20. Qb2 Rb8 21. Nb3 Qb6 22. Ne5 Rfc8 23. Bxb4 Qxb4 24. Bxd5 Nxd5 25. Nc6 Rxc6 26. Rxc6 h5 27. g3 a5 28. Qc2 a4 29. Nc5 a3 30. Nd7 Rb7 31. Rc8+ Kh7 32. Ne5 Bxe5 33. dxe5 Qb2 34. Qc5 Qxe5 35. Qxa3 Rb2 36. Qf8 Qf6 37. Qg8+ Kh6 38. Qh8+ Qxh8 39. Rxh8+ Kg7 40. Ra8 Nc3 41. Ra1 Ne4 42. Rf1 Nd2 43. Rc1 Ne4 44. f3 Nd2 45. Rc3 e5 46. a4 e4 47. fxe4 Nxe4 48. Re3 Ng5 49. a5 Nh3+ 50. Kf1 Rxh2 51. a6 Ra2 52. a7 Ng5 53. Re7 Ne6 54. Rc8 Kf6 55. Rxe6+ Kxe6 56. a8=Q Rxa8 57. Rxa8 Kf5 58. Kf2 g5 59. Kf3 Kg6 60. Ra6+ f6 61. Ke4 g4 62. Kf4 1-0


[Site "https://www.chess.com"]

[Event "Titled Tuesday Blitz August 17 2021"]
[White "Baradaran, Arman"]
[Black "Szente Varga, Fruzsina"]
[WhiteFideId "880515"]
[BlackFideId "712264"]
[WhiteElo "2132"]
[BlackElo "2106"]
[Result "0-1"]
[Round "06"]
[TimeControl "180+1"]
[Date "2021.08.18"]
[WhiteClock "0:00:02"]
[BlackClock "0:00:18"]

1. d4 Nf6 2. c4 g6 3. Nc3 Bg7 4. e4 d6 5. Be2 O-O 6. Be3 Nc6 7. d5 Ne5 8. h3 c6 9. f4 Ned7 10. g4 cxd5 11. cxd5 a6 12. a4 Rb8 13. Nf3 Nc5 14. Qc2 Qc7 15. Nd4 Ncxe4 16. Nxe4 Qxc2 17. Nxf6+ Bxf6 18. Nxc2 Bxb2 19. Rb1 Bc3+ 20. Kf2 e5 21. fxe5 Bxe5 22. a5 f5 23. g5 f4 24. Ba7 Ra8 25. Bd4 Bf5 26. Rb2 Rac8 27. Bxe5 dxe5 28. Nb4 Rc5 29. Bg4 Be4 30. Bf3 Bxf3 31. Kxf3 Rc3+ 32. Ke4 Re3# 0-1


[Site "https://www.chess.com"]

[Event "Titled Tuesday Blitz August 17 2021"]
[White "Barp, Alberto"]
[Black "Bortnyk, Olexandr"]
[WhiteFideId "872555"]
[BlackFideId "14120828"]
[WhiteElo "2229"]
[BlackElo "2723"]
[Result "1/2-1/2"]
[Round "06"]
[TimeControl "180+1"]
[Date "2021.08.17"]
[WhiteClock "0:00:10"]
[BlackClock "0:00:04"]

1. d4 f5 2. e4 fxe4 3. Nc3 Nf6 4. Bg5 Nc6 5. d5 Ne5 6. Qe2 c6 7. O-O-O Qa5 8. Bxf6 gxf6 9. Qxe4 Bh6+ 10. Kb1 O-O 11. h3 d6 12. f4 f5 13. Qe3 Ng6 14. g3 cxd5 15. Nxd5 e5 16. Bc4 Kh8 17. Nf3 Be6 18. Rhe1 Rae8 19. Qb3 exf4 20. Nxf4 Bxc4 21. Nxg6+ hxg6 22. Qxc4 Rxe1 23. Rxe1 Bg7 24. c3 Bf6 25. h4 Qc5 26. Qe6 Qf2 27. Qxd6 Kg7 28. Qd3 Rd8 29. Qe2 Qxg3 30. Rg1 Qf4 31. h5 g5 32. Nxg5 Bxg5 33. Qe7+ Kh8 34. Qxg5 Rd1+ 35. Kc2 Rd2+ 36. Kb3 Qxg5 37. Rxg5 Rf2 38. h6 Kh7 39. Rg7+ Kxh6 40. Rxb7 f4 41. Rxa7 Kg6 42. Ra8 f3 43. Rf8 Kg5 44. a4 Kg4 45. a5 Rf1 46. a6 Ra1 47. Rf6 Kg3 48. Kb4 f2 49. Kb5 Ra2 50. b4 Ra3 51. Rxf2 Kxf2 52. c4 Ke3 53. c5 Kd4 54. Kb6 Kc4 55. b5 Rb3 56. a7 Rxb5+ 57. Ka6 Kb4 58. a8=Q Ra5+ 59. Kb7 Rxa8 60. Kxa8 Kxc5 1/2-1/2


[Site "https://www.chess.com"]

[Event "Titled Tuesday Blitz August 17 2021"]
[White "Batsuren, Dambasuren"]
[Black "Oliveira, Silvio Eduardo"]
[WhiteFideId "4902920"]
[BlackFideId "2111560"]
[WhiteElo "2371"]
[BlackElo "2302"]
[Result "1-0"]
[Round "06"]
[TimeControl "180+1"]
[Date "2021.08.17"]
[WhiteClock "0:00:22"]
[BlackClock "0:00:02"]

1. c4 e6 2. Nc3 d5 3. e3 Nf6 4. Nf3 b6 5. b3 Bb7 6. Bb2 Bd6 7. Rg1 h5 8. Qc2 a6 9. cxd5 exd5 10. Nd4 g6 11. f4 Nbd7 12. Bd3 Qe7 13. O-O-O Nc5 14. Be2 b5 15. Bf3 O-O-O 16. Kb1 Nce4 17. Nxe4 dxe4 18. Be2 c5 19. Bxb5 axb5 20. Nxb5 Ba6 21. a4 Rhe8 22. Rc1 Nd5 23. Nxd6+ Qxd6 24. Be5 Qb6 25. Qxc5+ Qxc5 26. Rxc5+ Kb7 27. Rgc1 Bd3+ 28. Kb2 f6 29. Bd4 Rd7 30. g3 Re6 31. Ka3 Rb6 32. Rc8 Ne7 33. Rf8 Rxd4 34. exd4 Nf5 35. Rf7+ Kb8 36. Rd7 Ba6 37. b4 Bb7 38. b5 Rd6 39. Rxd6 Nxd6 40. Kb3 Bd5+ 41. Kb4 Nf5 42. Kc5 Bb7 43. a5 e3 44. dxe3 Nxe3 45. a6 Bd5 1-0


[Site "https://www.chess.com"]

[Event "Titled Tuesday Blitz August 17 2021"]
[White "Bazarov, Konstantin"]
[Black "Tanenbaum, Zachary"]
[WhiteFideId "4137000"]
[BlackFideId "2060850"]
[WhiteElo "2122"]
[BlackElo "2165"]
[Result "0-1"]
[Round "06"]
[TimeControl "180+1"]
[Date "2021.08.17"]
[WhiteClock "0:00:01"]
[BlackClock "0:00:03"]

1. Nf3 d5 2. c3 Nf6 3. d3 Bf5 4. Nbd2 Nbd7 5. Qc2 e5 6. e4 Bg6 7. Nh4 Bc5 8. Nxg6 hxg6 9. Be2 c6 10. h3 Nf8 11. Nb3 Bb6 12. O-O Ne6 13. a4 Nh5 14. a5 Bc7 15. g3 Ng5 16. Kg2 Nxh3 17. Rh1 Ng5 18. Be3 Ne6 19. Bg4 Qf6 20. Qe2 O-O-O 21. Bxh5 gxh5 22. Rxh5 g6 23. Rhh1 d4 24. Bd2 Qe7 25. a6 b6 26. Qf3 Qd7 27. cxd4 exd4 28. Rac1 c5 29. Qf6 Rxh1 30. Rxh1 Qb5 31. Nc1 Rd7 32. Rh8+ Bd8 33. Qe5 Qxb2 34. Bf4 Nxf4+ 35. Qxf4 Qb5 36. e5 Qxa6 37. Rf8 Qb7+ 38. f3 Qd5 39. Ne2 Kb7 40. Re8 Bc7 41. Qf6 Qc6 42. Qh8 a5 43. Nf4 Qb5 44. e6 fxe6 45. Nxe6 Qxd3 46. Nxc7 Qc2+ 47. Kh3 Qf5+ 48. Kg2 Rxc7 49. Rf8 Qc2+ 50. Kh3 Ka6 51. Qg8 g5 52. Ra8+ Kb5 53. Qe8+ Kb4 54. Kg4 Rh7 55. Rb8 Kc3 56. Rxb6 c4 57. Rc6 d3 58. Qe6 Qb3 59. Qe1+ d2 60. Qe3+ Kc2 61. Rd6 Qxe3 0-1


[Site "https://www.chess.com"]

[Event "Titled Tuesday Blitz August 17 2021"]
[White "Benyahia, Safin"]
[Black "Pavlov, Danila"]
[WhiteFideId "7905556"]
[BlackFideId "34126594"]
[WhiteElo "1551"]
[BlackElo "2323"]
[Result "0-1"]
[Round "06"]
[TimeControl "180+1"]
[Date "2021.08.18"]
[WhiteClock "0:00:14"]
[BlackClock "0:00:21"]

1. e4 e6 2. d4 d5 3. exd5 exd5 4. c4 dxc4 5. Bxc4 Nf6 6. Nf3 Bd6 7. Nc3 O-O 8. O-O Nc6 9. Bg5 Bg4 10. Nd5 Be7 11. Nxe7+ Qxe7 12. Re1 Qd6 13. d5 Bxf3 14. Qxf3 Ne5 15. Qc3 Nxc4 16. Qxc4 Nxd5 17. Rad1 Rfe8 18. Rxe8+ Rxe8 19. h3 h6 20. Bf4 Qxf4 21. Qxd5 Re2 22. Qd8+ Kh7 23. Qd3+ Qe4 24. Qxe4+ Rxe4 25. Rd7 Re1+ 26. Kh2 Re2 27. Rxc7 Rxb2 28. Rxf7 Kg6 29. Rd7 Rxf2 30. a4 Ra2 31. Rxb7 Rxa4 32. Rb2 Ra6 33. Rd2 Re6 34. Rc2 a5 35. Rc5 Ra6 36. Rc2 Kf5 37. Kg3 Ke4 38. Kf2 Kd3 39. Rc7 a4 40. Rxg7 a3 41. Rd7+ Kc4 42. Rd1 Kc3 43. Re1 a2 44. Re3+ Kd4 0-1


[Site "https://www.chess.com"]